 Dungeon Crawl Stone Soup version 0.22.1-1-ga44c0e5 (webtiles) character file.

19185 Anon1729 the Cleaver (level 12, -6/112 HPs)
             Began as a Naga Gladiator on Sept 29, 2018.
             Was a Believer of Uskayaw.
             Mangled by Gastronok (30 damage)
             ... on level 9 of the Dungeon.
             The game lasted 00:39:57 (16731 turns).

Anon1729 the Cleaver (Naga Gladiator)              Turns: 16731, Time: 00:39:58

Health: -6/112     AC: 17    Str: 18    XL:     12   Next: 66%
Magic:  15/17      EV: 10    Int: 12    God:    Uskayaw [**....]
Gold:   835        SH:  0    Dex: 13    Spells: 10/15 levels left

rFire    . . .     SeeInvis +   G - +4 hand axe (elec)
rCold    + . .     Gourm    .   (no shield)
rNeg     . . .     Faith    .   N - +2 ring mail {rC+}
rPois    +         Spirit   .   c - +0 helmet
rElec    .         Reflect  .   (no cloak)
rCorr    .         Harm     .   v - +1 pair of gloves
MR       +....                  (no barding)
Stlth    +.........             (no amulet)
HPRegen  0.28/turn              j - +4 ring of protection
MPRegen  0.15/turn              (no ring)

@: very slow
A: large, see invisible, deformed body, poison resistance, slowness 2, slow
metabolism 1, spit poison 1, AC +4
a: Spit Poison, Stomp, Line Pass, Renounce Religion


You were on level 9 of the Dungeon.
You worshipped Uskayaw.
Uskayaw was noncommittal.
You were not hungry.

You visited 3 branches of the dungeon, and saw 15 of its levels.

You collected 863 gold pieces.
You spent 28 gold pieces at shops.

Inventory:

Hand Weapons
 l - a +0 battleaxe
 x - a +0 broad axe
 B - a +0 trident of protection
 G - a +4 hand axe of electrocution (weapon)
 J - a +0 shortbow of velocity
 K - a cursed -1 shortbow
 Q - a +2 hand axe
Missiles
 d - 7 throwing nets (quivered)
 w - 8 tomahawks
 E - 212 arrows
Armour
 c - a +0 helmet (worn)
 v - a +1 pair of gloves (worn)
 N - a +2 ring mail of cold resistance (worn)
Jewellery
 g - an uncursed ring of wizardry
 j - a +4 ring of protection (left hand)
 U - a +2 ring of evasion {unknown}
Wands
 a - a wand of flame (61)
 h - a wand of acid (3)
 u - a wand of random effects (68)
 F - a wand of digging (13)
 H - a wand of enslavement (21)
 S - a wand of paralysis (14)
Scrolls
 i - 4 scrolls of blinking
 m - 9 scrolls of remove curse
 n - 4 scrolls of identify
 r - 2 scrolls of teleportation
 s - a scroll of torment
 t - 2 scrolls of noise
 y - 2 scrolls of amnesia
 A - 2 scrolls of magic mapping {unknown}
 I - a scroll of enchant armour {unknown}
 L - a scroll of vulnerability {unknown}
 O - a scroll of fear {unknown}
 R - a scroll of fog {unknown}
Potions
 e - 5 potions of curing
 k - a potion of resistance
 o - 2 potions of mutation {unknown}
 p - a potion of agility {unknown}
 q - 2 potions of might
 z - a potion of brilliance {unknown}
 C - a potion of cancellation {unknown}
 D - 2 potions of magic
 M - 3 potions of lignification {unknown}
 P - a potion of ambrosia {unknown}
Comestibles
 f - 26 rations


   Skills:
 + Level 8.9 Fighting
 * Level 12.2 Axes
 + Level 8.0 Throwing
 + Level 7.1 Armour
 - Level 3.0 Dodging
 + Level 2.1 Spellcasting
 + Level 2.2 Charms
 * Level 7.2 Invocations


You had 10 spell levels left.
You knew the following spells:

 Your Spells              Type           Power        Failure   Level  Hunger
a - Song of Slaying       Chrm           #.......     26%         2    ###....
b - Regeneration          Chrm/Necr      #.........   63%         3    ####...

Your spell library contained the following spells:

 Spells                   Type           Power        Failure   Level  Hunger
 Infusion                 Chrm           #...         17%         1    ##.....
 Shroud of Golubria       Chrm/Tloc      #.........   38%         2    ###....
 Summon Small Mammal      Summ           #...         41%         1    ##.....
 Blink                    Tloc           N/A          54%         2    ###....
 Call Imp                 Summ           #.......     54%         2    ###....
 Spectral Weapon          Hex/Chrm       #.......     63%         3    ####...
 Call Canine Familiar     Summ           #.......     78%         3    ####...
 Gell's Gravitas          Tloc           #.........   78%         3    ####...
 Lesser Beckoning         Tloc           #.........   78%         3    ####...
 Summon Guardian Golem    Hex/Summ       #.......     78%         3    ####...
 Teleport Other           Tloc           #.......     78%         3    ####...
 Passage of Golubria      Tloc           N/A          99%         4    #####..
 Summon Ice Beast         Ice/Summ       #.......     99%         4    #####..
 Summon Lightning Spire   Summ/Air       #.......     99%         4    #####..
 Haunt                    Necr/Summ      #.........   100%        7    #######
 Borgnjor's Revivificati  Necr           #.........   100%        8    #######
 Death's Door             Chrm/Necr      #.........   100%        8    #######
 Infestation              Necr           #.........   100%        8    #######
 Necromutation            Tmut/Necr      #.........   100%        8    #######


Dungeon Overview and Level Annotations

Branches:
Dungeon (12/15)            Temple (1/1) D:6            Lair (2/6) D:11
    Orc (0/2) D:9
  Swamp: Lair:2-4    Shoals: Lair:2-4     Snake: Lair:2-4    Spider: Lair:2-4

Altars:
Ashenzari
Cheibriados
Dithmenos
Elyvilon
Fedhas
Gozag
Hepliaklqana
Kikubaaqudgha
Makhleb
Nemelex Xobeh
Okawaru
Qazlal
Ru
Sif Muna
Trog
Uskayaw
Vehumet
Wu Jian
Xom
Yredelemnul
Zin
The Shining One

Shops:
D:8 %=   D:9 *

Annotations:
D:5 1 runed door
D:6 3 runed doors, kalagan's ghost, novice DEEE
D:9 Gastronok
D:11 2 runed doors
Lair:1 exclusion: downstairs


Innate Abilities, Weirdness & Mutations

You cannot wear boots.
Your serpentine skin is tough. (AC +4)
You have supernaturally acute eyesight. (SInv)
Armour fits poorly on your strangely shaped body.
Your system is resistant to poisons. (rPois)
You cover ground very slowly.
You have a slow metabolism.
You can spit poison.


Message History

You hit Gastronok. Lightning courses through Gastronok!
Gastronok is severely wounded.
Gastronok is no longer moving quickly.
Unknown command.
Evoke which item? (* to show all) (? for menu, Esc to quit)
Aiming: Paralyse
Press: ? - help, Shift-Dir - straight line, f/p - Gastronok
Aim: Gastronok, wearing a glowing hat (severely wounded, covered in acid,
Okay, then.
Evoke which item? (* to show all) (? for menu, Esc to quit)
Aiming: Corrosive Bolt
Press: ? - help, Shift-Dir - straight line, f/p - Gastronok
Aim: Gastronok, wearing a glowing hat (severely wounded, covered in acid)
The bolt of acid hits Gastronok.
Gastronok is splashed with acid.
The acid corrodes Gastronok!
Gastronok is almost dead.
You hit Gastronok.
Gastronok is almost dead.
Gastronok bites you!!
You die...

#...#####......#
#...#..........+.....
#####..........#....#
...............#....#
####'#.........#....#
.....#.........#....#
.....#.........#....####
.....#.........#w.......
.....###########@.......
........................
........................
........................
......########..........
......# #..........
......# #....<.....
......# #..........
####### ##########


You could see Gastronok.

Vanquished Creatures
  2 hydras
  Harold (D:8)
  3 two-headed ogres
  An unseen horror (D:12)
  Pikel (D:7)
  Maurice (D:8)
  Joseph (D:7)
  3 spiny frogs (Lair:1)
  2 komodo dragons (Lair:1)
  2 trolls
  2 queen bees
  Grinder (D:5)
  2 slime creatures (D:12)
  5 hippogriffs
  A basilisk (D:12)
  A spriggan (Lair:1)
  14 yaks
  A hungry ghost (D:9)
  A steam dragon (D:7)
  Menkaure (D:7)
  2 water moccasins (Lair:1)
  A porcupine (Lair:1)
  A hornet zombie (D:9)
  4 ice beasts
  4 orc warriors
  3 sky beasts
  A black bear (D:11)
  A slave (D:7)
  A phantom (D:6)
  4 ogres
  10 centaurs
  4 crocodiles (Lair:1)
  3 big kobolds
  4 bullfrogs
  A wyvern zombie (D:11)
  8 scorpions
  A water moccasin zombie (D:8)
  20 killer bees
  12 wights
  4 crimson imps
  2 centaur zombies (D:5)
  2 bullfrog skeletons
  3 orc priests
  3 hounds
  3 jellies
  2 quasits
  3 centaur skeletons
  6 orc wizards
  3 iguanas
  8 worker ants
  A killer bee zombie (D:3)
  A hound zombie (D:8)
  A hound skeleton (D:5)
  A worker ant zombie (D:5)
  A howler monkey zombie (D:8)
  2 howler monkey skeletons
  11 adders
  5 shadow imps
  An ooze (D:4)
  An adder skeleton (D:8)
  6 dart slugs
  3 leopard geckos
  37 orcs
  3 bats
  6 giant cockroaches
  9 goblins
  15 hobgoblins
  10 jackals
  5 quokkas
  5 frilled lizards
  18 kobolds
  A leopard gecko skeleton (D:5)
  A quokka skeleton (D:9)
  8 rats
  A plant (D:8)
323 creatures vanquished.

Vanquished Creatures (collateral kills)
  A cyclops (D:12)
  An orc warrior (D:12)
  A hound (D:6)
  3 orcs
6 creatures vanquished.

Vanquished Creatures (others)
  A slime creature (D:12)
  A yak (D:9)
  A killer bee (D:8)
  10 plants (D:10)
13 creatures vanquished.

Grand Total: 342 creatures vanquished

Notes
Turn   | Place    | Note
-------+----------+-------------------------------------------
     0 | D:1      | Anon1729 the Naga Gladiator began the quest for the Orb.
     0 | D:1      | Reached XP level 1. HP: 19/19 MP: 1/1
   345 | D:1      | Reached XP level 2. HP: 25/26 MP: 2/2
   678 | D:1      | Reached XP level 3. HP: 31/32 MP: 3/3
  1212 | D:2      | Reached skill level 1 in Armour
  1219 | D:2      | Reached XP level 4. HP: 30/40 MP: 4/4
  1937 | D:3      | Reached skill level 4 in Axes
  1981 | D:3      | Reached XP level 5. HP: 41/46 MP: 5/5
  2649 | D:4      | Reached XP level 6. HP: 52/56 MP: 6/6
  3112 | D:4      | Reached skill level 5 in Axes
  3334 | D:4      | Reached XP level 7. HP: 52/62 MP: 7/7
  3592 | D:5      | Entered Level 5 of the Dungeon
  4036 | D:5      | Noticed Grinder
  4036 | D:5      | Paralysed by Grinder for 7 turns
  4046 | D:5      | Paralysed by Grinder for 2 turns
  4074 | D:5      | Killed Grinder
  4074 | D:5      | Reached skill level 6 in Axes
  4074 | D:5      | Reached XP level 8. HP: 52/73 MP: 8/8
  4464 | D:5      | Found a runed door.
  5236 | D:6      | Found a shattered altar of Ashenzari.
  5285 | D:6      | Reached skill level 7 in Axes
  5506 | D:6      | Reached skill level 5 in Fighting
  5529 | D:6      | Found a staircase to the Ecumenical Temple.
  5601 | Temple   | Entered the Ecumenical Temple
  5605 | Temple   | Learned a level 2 spell: Song of Slaying
  5609 | Temple   | Learned a level 3 spell: Regeneration
  5659 | Temple   | Became a worshipper of Uskayaw the Reveler
  5750 | D:6      | Reached XP level 9. HP: 71/81 MP: 9/9
  5799 | D:6      | Reached * piety under Uskayaw
  6052 | D:6      | Reached ** piety under Uskayaw
  6095 | D:6      | Found a runed gate.
  6097 | D:6      | Found a runed gate.
  6098 | D:6      | Found a runed gate.
  6317 | D:6      | Noticed kalagan's ghost (novice DEEE)
  6377 | D:7      | Noticed Menkaure
  6391 | D:7      | Killed Menkaure
  6391 | D:7      | Reached skill level 8 in Axes
  6391 | D:7      | Reached skill level 5 in Throwing
  6665 | D:7      | Noticed Joseph
  6673 | D:7      | Reached *** piety under Uskayaw
  6674 | D:7      | Killed Joseph
  7147 | D:7      | Reached **** piety under Uskayaw
  7151 | D:7      | Reached skill level 9 in Axes
  7637 | D:7      | Noticed Pikel
  7663 | D:7      | Killed Pikel
  7663 | D:7      | Reached skill level 5 in Armour
  7663 | D:7      | Reached XP level 10. HP: 72/92 MP: 10/10
  7846 | D:8      | Noticed Harold
  7856 | D:8      | Killed Harold
  8004 | D:8      | Found a burning altar of Makhleb.
  8011 | D:8      | Found Yrhado's Food Shop.
  8060 | D:8      | Found Hitib's Jewellery Shoppe.
  8076 | D:8      | Reached skill level 10 in Axes
  8120 | D:8      | Bought a cursed amulet of inaccuracy for 28 gold pieces
  8418 | D:8      | Noticed a two-headed ogre
  8446 | D:8      | Killed a two-headed ogre
  8463 | D:8      | Reached ***** piety under Uskayaw
  9000 | D:8      | Reached skill level 1 in Invocations
  9021 | D:8      | Found a shadowy altar of Dithmenos.
  9034 | D:8      | Reached XP level 11. HP: 77/100 MP: 11/11
  9336 | D:8      | Noticed a two-headed ogre
  9340 | D:8      | Noticed Maurice
  9856 | D:8      | Killed Maurice
 10222 | D:9      | Reached ****** piety under Uskayaw
 10252 | D:9      | Reached skill level 11 in Axes
 10660 | D:9      | Found Aeoza's Alliterative Accessories.
 10673 | D:9      | Noticed Gastronok
 10861 | D:10     | Entered Level 10 of the Dungeon
 11479 | D:10     | Found a hide-covered altar of Uskayaw.
 11660 | D:11     | Found a staircase to the Lair.
 11677 | D:11     | Noticed a five-headed hydra
 11686 | D:11     | Killed a five-headed hydra
 12031 | D:11     | Noticed a fire dragon
 12032 | D:11     | Found a runed door.
 12032 | D:11     | Noticed a fire dragon
 12032 | D:11     | Noticed an ice dragon
 12032 | D:11     | Noticed an ice dragon
 12033 | D:11     | Found the +2 shield of Resistance {rF+ rC+ MR+}
 12092 | D:11     | Found a runed door.
 12830 | D:12     | Noticed a cyclops
 12846 | D:12     | Noticed an unseen horror
 12846 | D:12     | Killed a cyclops
 12846 | D:12     | Reached skill level 5 in Invocations
 12884 | D:12     | Killed an unseen horror
 13340 | Lair:1   | Entered Level 1 of the Lair of Beasts
 13388 | Lair:1   | Reached XP level 12. HP: 56/112 MP: 12/16
 14431 | Lair:1   | Reached skill level 1 in Charms
 14494 | Lair:1   | Reached skill level 1 in Spellcasting
 14585 | Lair:1   | Noticed a seven-headed hydra
 14600 | Lair:1   | Killed a seven-headed hydra
 14600 | Lair:1   | Reached skill level 12 in Axes
 15175 | Lair:2   | Noticed a six-headed hydra
 15742 | D:12     | Noticed a two-headed ogre
 15749 | D:12     | Killed a two-headed ogre
 16071 | D:12     | Noticed a two-headed ogre
 16079 | D:12     | Killed a two-headed ogre
 16604 | D:9      | Found a staircase to the Orcish Mines.
 16731 | D:9      | Mangled by Gastronok

Skill      XL: |  1  2  3  4  5  6  7  8  9 10 11 12 |
---------------+-------------------------------------+-----
Throwing       | 2 3 4 5 6 7 8 |  8.0
Armour         | 1 2 3 5 6 7 |  7.1
Axes           | 4 5 6 7 9 10 11 12 | 12.2
Dodging        | 3 |  3.0
Fighting       | 3 4 5 6 7 8 |  8.9
Invocations    | 1 5 7 |  7.2
Charms         | 2 |  2.2
Spellcasting   | 2 |  2.1

Action                   |  1- 3 |  4- 6 |  7- 9 | 10-12 || total
-------------------------+-------+-------+-------+-------++-------
Melee: War axe           |   116 |   185 |    49 |       ||   350
       Battleaxe         |       |       |   162 |       ||   162
       Trident           |       |       |     3 |    18 ||    21
       Hand axe          |       |       |   113 |   609 ||   722
 Fire: Shortbow          |       |       |     8 |       ||     8
 Cast: Song of Slaying   |       |       |       |     3 ||     3
Invok: Stomp             |       |       |     1 |    10 ||    11
       Line Pass         |       |       |       |     3 ||     3
 Abil: Spit Poison       |     3 |     2 |    13 |    13 ||    31
Evoke: Wand              |       |       |    14 |    37 ||    51
  Use: Scroll            |       |       |       |    14 ||    14
       Potion            |       |       |       |     3 ||     3
 Stab: Sleeping          |     1 |     1 |     1 |       ||     3
       Paralysed         |       |       |     8 |    35 ||    43
       Confused          |       |       |       |     2 ||     2
  Eat: Chunk             |       |     6 |    13 |    16 ||    35
       Ration            |       |       |       |     4 ||     4
Armor: Leather armour    |    50 |   113 |   215 |    89 ||   467
       Ring mail         |       |       |       |   225 ||   225
Dodge: Dodged            |    84 |   118 |   190 |   303 ||   695
